Map: Disco Bloodbath LE

Players

ElMentos - Winner!

  • Race: Terran Terran
  • League: Master
  • Spawn Location: 3:00

Mez

  • Race: Terran Terran
  • League: Master
  • Spawn Location: 9:00

VOD

Have the link to the VOD?

Description

Time

  • Played on: Sept. 5, 2019, 2:38 p.m.
  • Length: 19:41
Show
View Real Time Build Order
Export as new Build Order

ElMentos Terran - Winner!

Build Orders: Gas First Reaper Expand, Hellion Banshee, Mech 

Get SALT Encoding   

  12  0:00  SCV  
  13  0:13  SCV  
  14  0:17  Supply Depot  
  14  0:25  Refinery  
  14  0:28  SCV  
  15  0:40  SCV  
  16  0:45  Barracks  
  16  0:52  SCV  
  17  1:04  SCV  
  18  1:16  SCV  
  19  1:31  Orbital Command  
  19  1:32  Reaper  
  20  1:46  Command Center  
  20  1:57  SCV  
  21  2:07  Factory  
  21  2:09  SCV  
  21  2:12  Refinery  
  22  2:16  Barracks Reactor  
  22  2:21  SCV  
  23  2:28  Supply Depot  
  23  2:49  SCV  
  23  2:50  Widow Mine  
  26  2:52  Marine x2  
  26  2:57  Orbital Command  
  28  3:01  Bunker, SCV  
  29  3:14  SCV  
  29  3:18  Hellion x2  
  34  3:22  Starport, Barracks Tech Lab  
  34  3:24  SCV  
  35  3:28  SCV  
  36  3:37  SCV  
  36  3:40  Hellion  
  36  3:41  Hellion, Supply Depot  
  39  3:46  SCV  
  42  3:51  Barracks Tech Lab  
  42  4:00  SCV  
  42  4:01  Hellion  
  44  4:03  Hellion  
  44  4:05  SCV  
  47  4:10  Banshee  
  47  4:11  Cloaking Field  
  47  4:13  SCV  
  52  4:17  SCV  
  52  4:23  Supply Depot  
  52  4:24  Supply Depot  
  52  4:29  SCV  
  53  4:33  Marine  
  54  4:44  Marine, Siege Tank  
  58  4:56  SCV x2, Banshee  
  63  5:04  Refinery, Engineering Bay  
  63  5:07  Marine  
  63  5:08  Marine, SCV  
  66  5:14  Command Center, SCV  
  66  5:19  Siege Tank  
  70  5:36  Missile Turret x2  
  70  5:46  SCV  
  70  5:47  Marine  
  70  5:48  Marine  
  69  5:56  SCV, Raven  
  67  5:57  Siege Tank  
  70  6:25  Marine x2, SCV x2  
  70  6:31  Siege Tank  
  77  6:38  SCV  
  77  6:39  Orbital Command  
  78  6:41  SCV  
  78  6:42  Raven  
  78  6:48  Marine x2  
  78  6:50  SCV  
  78  6:54  SCV  
  82  7:18  SCV x2  
  81  7:24  Hellion  
  81  7:25  Factory, Hellion  
  81  7:26  Factory  
  85  7:31  Supply Depot x2  
  85  7:36  Starport Reactor  
  85  7:39  Refinery  
  85  7:40  Orbital Command  
  85  7:42  Supply Depot  
  85  7:43  Supply Depot  
  85  7:53  SCV x2  
  87  8:05  SCV x2  
  89  8:06  Armory  
  89  8:07  Armory  
  89  8:11  Missile Turret  
  89  8:12  Siege Tank, Hellion x2, Missile Turret x2  
  96  8:17  SCV x2  
  98  8:25  Siege Tank  
  101  8:28  SCV  
  101  8:29  SCV x2  
  102  8:36  Viking x2  
  102  8:40  SCV  
  105  8:41  SCV x2  
  105  8:42  Refinery  
  107  8:48  Infernal Pre-Igniter  
  107  8:52  SCV, Hellion x3  
  107  8:53  SCV  
  115  8:59  SCV  
  115  9:01  Missile Turret  
  116  9:04  SCV  
  116  9:05  Refinery  
  117  9:18  Terran Vehicle And Ship Armor Level 1, Terran Vehicle Weapons Level 1  
  117  9:19  Missile Turret  
  117  9:21  Supply Depot  
  117  9:22  Supply Depot  
  117  9:24  Siege Tank, SCV, Hellion x2  
  117  9:29  Command Center  
  117  9:30  Smart Servos  
  125  9:41  Sensor Tower  
  125  9:43  SCV x3  
  128  9:52  Viking x2  
  132  9:53  Hellion x2  
  132  9:55  SCV x3  
  135  10:04  Siege Tank x2  
  133  10:07  SCV  
  134  10:14  SCV x2, Missile Turret  
  134  10:16  Liberator x2  
  134  10:17  Hellion x2  
  134  10:19  SCV  
  129  10:34  Sensor Tower  
  135  10:38  Supply Depot  
  135  10:39  Supply Depot  
  135  10:40  Siege Tank  
  135  10:41  Hellion x2  
  135  10:42  Hellion  
  144  10:55  Hellion x5, Orbital Command  
  144  11:01  Factory  
  144  11:02  Factory  
  144  11:05  Hellion  
  144  11:06  Siege Tank, Hellion  
  151  11:14  Terran Vehicle Weapons Level 2  
  151  11:20  Hellion  
  153  11:27  Hellion x2, Terran Vehicle And Ship Armor Level 2  
  153  11:29  Orbital Command  
  157  11:38  Hellion  
  159  11:40  Supply Depot  
  159  11:41  Supply Depot  
  159  11:42  Hellion  
  147  11:48  Hellion  
  145  11:55  Factory Tech Lab, Hellion  
  145  11:56  Factory Reactor  
  145  11:57  SCV x3  
  145  11:59  Siege Tank, SCV  
  154  12:03  Siege Tank  
  154  12:06  Command Center  
  157  12:09  SCV  
  157  12:11  Viking x2  
  157  12:13  Hellion x2  
  166  12:15  Refinery  
  166  12:17  SCV x2  
  166  12:18  SCV, Refinery  
  166  12:21  SCV  
  170  12:23  Command Center  
  170  12:29  SCV  
  171  12:31  Siege Tank  
  174  12:39  Siege Tank x2, Hellion  
  174  12:40  Hellion  
  174  12:41  Hellion x2  
  148  13:01  Hellion x2  
  148  13:02  Hellion  
  148  13:03  Siege Tank  
  153  13:17  Hellion x3, Viking  
  153  13:18  Viking  
  156  13:33  Terran Vehicle Weapons Level 3  
  156  13:34  Hellion x3  
  153  13:36  Siege Tank  
  153  13:37  SCV  
  153  13:38  Siege Tank, SCV x3  
  153  13:40  Orbital Command  
  154  13:45  Orbital Command  
  154  13:55  Thor  
  160  13:56  Hellion  
  152  14:07  Command Center, Refinery, Thor  
  152  14:08  Refinery  
  152  14:10  Thor  
  152  14:11  Command Center  
  150  14:18  Hellion  
  150  14:19  Hellion x2  
  150  14:21  Viking x2  
  158  14:26  Terran Vehicle And Ship Armor Level 3  
  146  14:40  Thor  
  146  14:41  Hellion  
  151  14:48  Starport  
  151  14:49  Starport  
  151  14:50  Thor  
  151  14:51  Factory  
  157  14:54  Factory  
  157  14:56  Hellion x3  
  157  14:58  Thor  
  169  15:02  Hellion  
  171  15:09  Fusion Core  
  171  15:20  Planetary Fortress  
  155  15:46  Starport Reactor, Starport Tech Lab  
  155  15:48  Thor x2  
  155  15:49  Factory Tech Lab  
  167  15:50  Factory Reactor  
  167  15:58  Sensor Tower  
  167  16:00  Hellion  
  167  16:01  Hellion, Viking x2  
  175  16:05  Planetary Fortress  
  175  16:16  Hellion x4  
  175  16:17  Viking  
  185  16:19  Refinery  
  185  16:22  Hellion  
  187  16:26  Hellion  
  187  16:27  Viking x2  
  187  16:31  Hellion, Viking x2  
  187  16:32  Refinery  
  199  16:37  Terran Ship Weapons Level 1  
  199  16:39  Sensor Tower  
  185  17:10  Command Center  
  185  17:13  Command Center  
  185  17:15  Thor x2  
  181  17:16  Viking x3  
  181  17:17  Siege Tank x2, Hellion  
  185  17:42  Viking x2  
  187  17:49  Thor x2  
  171  18:05  Thor x2  
  150  18:06  Hellion  
  150  18:07  Hellion x3, Viking x2  
  171  18:13  Command Center  
  171  18:20  Hellion  
  171  18:25  Hellion x2  
  175  18:28  Command Center  
  175  18:31  Thor  
  181  18:36  Viking x3  
  181  18:53  Hellion, Thor  
  181  18:54  Hellion x2, Thor  
  197  18:57  Orbital Command x2  
  197  19:00  Refinery  
  185  19:05  Refinery  
  195  19:29  Starport  
  195  19:30  Starport  
  195  19:31  Starport  
Show
View Real Time Build Order
Export as new Build Order

Mez Terran 

Build Orders: Gas First Reaper Expand, Liberator Opening 

Get SALT Encoding   

  12  0:00  SCV  
  13  0:12  SCV  
  14  0:17  Supply Depot  
  14  0:25  SCV  
  15  0:31  Refinery  
  15  0:38  SCV  
  16  0:46  Barracks  
  16  0:50  SCV  
  17  1:03  SCV  
  18  1:15  SCV  
  19  1:33  Reaper  
  19  1:34  Orbital Command  
  20  1:43  Command Center  
  20  1:54  Factory  
  20  2:00  SCV  
  21  2:05  Supply Depot  
  21  2:09  Barracks Reactor  
  21  2:13  SCV  
  22  2:17  Refinery  
  22  2:25  SCV  
  23  2:37  SCV  
  24  2:45  Starport  
  24  2:50  Hellion  
  24  2:51  Hellion  
  28  2:54  Barracks Tech Lab  
  28  2:56  Orbital Command  
  28  3:13  Hellion x2  
  28  3:17  Marauder  
  28  3:18  Concussive Shells  
  34  3:21  Medivac  
  36  3:34  Hellion x2  
  36  3:38  Marauder  
  42  3:42  Supply Depot  
  42  3:45  SCV x2  
  44  3:51  Liberator  
  44  4:07  SCV x2  
  49  4:17  Command Center, Supply Depot  
  52  4:24  Cyclone  
  52  4:28  SCV  
  52  4:29  SCV  
  54  4:38  Marine x2  
  52  4:57  Starport Tech Lab  
  52  4:58  Marine x2, Siege Tank  
  52  4:59  SCV x2  
  59  5:11  SCV x2  
  61  5:16  Barracks  
  61  5:17  Barracks  
  61  5:19  Marine  
  62  5:28  Marine, SCV x2  
  65  5:31  Orbital Command  
  65  5:37  Marine  
  61  5:45  SCV  
  61  5:46  Marine, SCV  
  61  5:49  Raven  
  65  5:57  Marine  
  65  5:58  SCV x2  
  65  6:03  Marine  
  69  6:06  Barracks Reactor  
  69  6:07  Cyclone  
  69  6:11  SCV x2  
  71  6:18  SCV  
  65  6:23  SCV  
  65  6:30  SCV x2  
  65  6:35  SCV  
  65  6:36  Barracks, Engineering Bay  
  65  6:38  Barracks  
  65  6:39  Engineering Bay  
  66  6:42  SCV, Engineering Bay x2  
  66  6:44  Supply Depot  
  67  6:53  Refinery x2  
  67  6:55  SCV x3  
  67  6:59  Marine x2  
  71  7:07  SCV  
  69  7:15  SCV x2  
  69  7:19  SCV  
  69  7:20  Marine  
  69  7:21  Marine  
  73  7:24  Barracks Reactor  
  73  7:28  Orbital Command  
  73  7:37  Marine  
  73  7:38  Marine  
  73  7:39  SCV x2  
  77  7:45  Siege Tank  
  77  7:48  Stimpack  
  77  7:50  Barracks Reactor  
  80  7:51  SCV  
  80  7:52  SCV  
  80  7:56  Supply Depot  
  80  7:57  SCV  
  83  7:58  Supply Depot  
  83  7:59  Supply Depot  
  83  8:00  Missile Turret  
  83  8:03  SCV  
  83  8:04  Missile Turret  
  83  8:09  SCV  
  83  8:10  SCV  
  81  8:23  Terran Infantry Armor Level 1, Terran Infantry Weapons Level 1  
  81  8:27  SCV x3  
  83  8:39  SCV x3  
  86  8:41  Barracks Reactor  
  86  8:44  Marine x6  
  92  8:51  SCV x2  
  92  8:52  Medivac x2  
  92  8:55  Siege Tank  
  101  8:56  Missile Turret  
  102  9:06  Refinery x2  
  102  9:08  SCV x3  
  104  9:12  Marine x6  
  110  9:17  Command Center  
  110  9:20  Marine, SCV  
  110  9:21  Marine x2  
  110  9:23  Medivac x2  
  117  9:28  Combat Shield  
  117  9:58  Marine x2  
  117  9:59  Supply Depot  
  117  10:01  SCV, Supply Depot x2  
  117  10:03  Supply Depot  
  117  10:04  Supply Depot  
  117  10:05  Supply Depot  
  117  10:07  Starport  
  117  10:09  Starport  
  117  10:20  Marine x2  
  117  10:21  Siege Tank, SCV, Viking  
  125  10:22  Marine x4, SCV x2, Viking  
  125  10:23  Marauder  
  131  10:30  Marine x2  
  131  10:33  SCV  
  134  10:39  Supply Depot  
  134  10:42  Supply Depot, Armory  
  134  10:45  Marauder  
  134  10:46  Starport Reactor, Fusion Core, Starport Tech Lab  
  136  10:52  Marine x2  
  136  10:53  Marine x6, Siege Tank  
  147  10:57  Refinery x2  
  147  11:06  Marine  
  147  11:08  Viking x3  
  154  11:16  SCV x4  
  148  11:28  SCV x3  
  148  11:29  Planetary Fortress  
  151  11:38  Viking  
  153  11:40  SCV  
  142  11:51  Marine x5, Marauder, Viking  
  142  11:52  Viking x3  
  141  11:57  SCV x3  
  144  12:06  Marine  
  144  12:08  Viking  
  147  12:09  SCV  
  147  12:11  Terran Infantry Armor Level 2, Terran Infantry Weapons Level 2  
  147  12:12  Marauder  
  150  12:24  Siege Tank  
  150  12:25  Viking x4  
  150  12:29  Advanced Ballistics  
  160  12:34  Marauder  
  162  12:48  Liberator x5  
  132  13:21  Marine x8, Marauder  
  132  13:31  Liberator x2  
  132  13:34  Siege Tank  
  123  13:36  Orbital Command  
  123  13:38  Marine  
  123  13:39  Marine x7  
  108  13:42  Marauder  
  116  13:50  Viking x3  
  121  13:56  Marine  
  119  14:04  Marauder  
  119  14:08  Marine  
  96  14:19  Orbital Command  
  96  14:20  Viking x2  
  96  14:23  Viking  
  93  14:25  SCV x2  
  93  14:26  SCV  
  93  14:31  Viking x2  
  92  14:47  Command Center, SCV  
  92  14:48  SCV  
  92  14:49  Viking  
  96  14:52  Refinery  
  96  14:56  SCV x2, Refinery  
  96  14:58  Terran Infantry Weapons Level 3  
  98  15:00  Terran Ship Weapons Level 1  
  98  15:12  Marine x9  
  107  15:14  Command Center  
  107  15:22  Liberator  
  107  15:25  Viking x4  
  115  15:30  Marine x2  
  115  15:38  Liberator  
  113  15:42  Marine  
  113  15:43  Marine x6  
  113  15:48  Marine  
  123  15:57  Liberator x2  
  123  16:00  Orbital Command  
  122  16:06  Starport  
  122  16:10  Starport  
  122  16:11  Barracks Tech Lab  
  122  16:13  Barracks Tech Lab  
  122  16:15  Liberator  
  122  16:16  Liberator  
  122  16:17  Marine  
  122  16:18  Marine x4  
  133  16:29  Liberator  
  130  16:35  Marine  
  130  16:36  Marine x2  
  138  16:50  Liberator x2  
  138  16:51  Marine x4  
  138  16:53  Marine x3, Siege Tank  
  122  17:09  Marine x2  
  96  17:16  Liberator  
  90  17:27  Liberator  
  71  17:41  Liberator  
  54  18:10  Marine  
  54  18:11  Marine x6  
  59  18:17  Orbital Command  
  52  18:28  Marine  
  52  18:29  Marine x2  
  55  18:47  Marine x6  
  55  18:48  Marine  
  62  19:05  Marine x7  
  69  19:16  Refinery  
  69  19:17  Refinery  
  69  19:22  Refinery  
  69  19:23  Marine  
Tags
 
Add a new tag
Caveats
  • Supply blocks, unpowered buildings, or Contaminate may cause inaccurate times.
  • Supply counts are checked every 10 seconds.